 Dungeon Crawl Stone Soup version 0.29.1-2-gbd0b4ee654 (webtiles) character file.

Game seed: 7470365137914737602

275 GorkyZ the Trooper (level 6, -1/37 HPs)
             Began as a Gargoyle Gladiator on Nov 30, 2022.
             Slain by a lemure (7 damage)
             ... led by Pikel
             ... on level 5 of the Dungeon.
             The game lasted 00:10:09 (4165 turns).

GorkyZ the Trooper (Gargoyle Gladiator)             Turns: 4165, Time: 00:10:10

Health: -1/37      AC: 13    Str: 19    XL:     6   Next: 25%
Magic:  6/6        EV: 10    Int:  9    God:
Gold:   132        SH:  0    Dex: 11    Spells: 5/5 levels left

rFire   + . .      SeeInvis .   C - +1 flail (protect)
rCold   + . .      Faith    .   (no shield)
rNeg    + . .      Spirit   .   l - +0 scale mail
rPois   ∞          Reflect  .   c - +0 helmet
rElec   +          Harm     .   B - +0 cloak
rCorr   +          Rampage  .   (no gloves)
Will    .....                   (no boots)
Stlth   ..........              (no amulet)
HPRegen 0.12/turn               (no ring)
MPRegen 0.10/turn               (no ring)

@: resistant
A: sickness immunity, AC +4, negative energy resistance 1, electricity
resistance, torment resistance 1, petrification resistance
a: no special abilities


You were on level 5 of the Dungeon.
You visited 1 branch of the dungeon, and saw 5 of its levels.

You collected 132 gold pieces.

Inventory:

Hand Weapons
 a - a +1 war axe of venom
 o - a +2 scimitar of protection
 q - a +2 dagger of pain
 C - a +1 flail of protection (weapon)
Missiles
 d - 3 throwing nets (quivered)
 e - a javelin
 i - 2 poisoned darts
 y - 3 boomerangs
Armour
 b - a +0 leather armour
 c - a +0 helmet (worn)
 l - a +0 scale mail (worn)
 p - a +0 ring mail of cold resistance
 B - a +0 cloak (worn)
Jewellery
 v - a ring of magical power
Wands
 D - a wand of paralysis (2)
Scrolls
 h - a scroll of torment
 j - 2 scrolls of butterflies
 n - a scroll of fear
 t - a scroll of vulnerability
 u - a scroll of teleportation
Potions
 f - 4 potions of mutation
 g - 2 potions of attraction
 k - a potion of lignification {unknown}
 m - a potion of flight
 r - 3 potions of magic {unknown}
 s - 2 potions of curing
 x - a potion of invisibility {unknown}
 z - 2 potions of haste {unknown}
 A - a potion of degeneration {unknown}


   Skills:
 + Level 3.3 Fighting
 + Level 3.3 Axes
 + Level 2.5 Throwing
 + Level 2.2 Armour
 + Level 3.1 Dodging
 + Level 2.2 Shields
 + Level 1.6 Evocations


You had 5 spell levels left.
You didn't know any spells.
Your spell library contained the following spells:

 Spells                   Type           Power      Damage    Failure   Level
 Apportation              Tloc           0%         N/A       77%         1
 Sting                    Tmut/Pois      0%         1d3       77%         1
 Blink                    Tloc           0%         N/A       88%         2
 Poisonous Vapours        Pois/Air       0%         N/A       88%         2
 Wereblood                Tmut           0%         N/A       88%         2
 Gell's Gravitas          Tloc           0%         N/A       98%         3
 Teleport Other           Tloc           0%         N/A       98%         3
 Olgreb's Toxic Radiance  Pois           0%         N/A       100%        4
 Alistair's Intoxication  Tmut/Pois      0%         N/A       100%        5
 Manifold Assault         Tloc           0%         N/A       100%        5
 Dispersal                Tloc           0%         N/A       100%        6
 Storm Form               Tmut/Air       0%         N/A       100%        7
 Summon Hydra             Summ           0%         N/A       100%        7
 Sublimation of Blood     Necr           Unusable   N/A       N/A         2

Dungeon Overview and Level Annotations

Branches:
Dungeon (5/15)
 Temple: D:4-7

Altars:
The Shining One

Shops:
D:2 (   D:3 *   D:5 !

Annotations:
D:5 3 runed translucent doors, Pikel


Innate Abilities, Weirdness & Mutations

You are immune to sickness and miasma.
Your stone body is resilient. (AC +4)
You are immune to poison.
You resist negative energy. (rN+)
You are resistant to electric shocks. (rElec)
You are resistant to unholy torment.
You are immune to petrification.


Message History

You hit Pikel but do no damage. The lemure hits you. Pikel closely misses you.
The lemure hits you but does no damage. The lemure hits you.
You closely miss Pikel. The lemure hits you.
Pikel hits you with a +1 whip of freezing!
Pikel freezes you. The lemure hits you but does no damage. The lemure hits you.
* * * LOW HITPOINT WARNING * * *
You are too injured to fight recklessly!
You are too injured to fight recklessly!
You are too injured to fight recklessly!
You are too injured to fight recklessly!
You are too injured to fight recklessly!
You are too injured to fight recklessly!
You are too injured to fight recklessly!
You are too injured to fight recklessly!
You are too injured to fight recklessly!
You are too injured to fight recklessly!
You are too injured to fight recklessly!
You are too injured to fight recklessly!
You are too injured to fight recklessly!
It was a potion of curing.
You feel better. Pikel closely misses you. The lemure completely misses you.
The lemure closely misses you.
You completely miss Pikel. The lemure hits you but does no damage.
Pikel hits you but does no damage. The lemure barely misses you.
The lemure closely misses you.
The lemure hits you but does no damage. x2
The lemure hits you. x3
* * * LOW HITPOINT WARNING * * *
Pikel completely misses you.
You feel better. The lemure closely misses you.
Pikel hits you with a +1 whip of freezing.
* * * LOW HITPOINT WARNING * * *
Pikel freezes you.
* * * LOW HITPOINT WARNING * * *
The lemure hits you but does no damage. The lemure barely misses you.
The lemure hits you but does no damage.
It was a potion of resistance.
You feel protected. The lemure hits you.
* * * LOW HITPOINT WARNING * * *
The lemure hits you!
You die...

#.##>..# ...# .#
#......##...##.#
............... ......
....... ### #...#
.......
##+###.###...##.......
.#.............55.....#
.............!.@Kl....#
#.............55......
#.....................
#....................#
####..##)†###..##......#
......###'###..# .......
#.........#...........
##........#..........#
#..##...## .##.


You could see Pikel, 4 lemures and an iguana.

Vanquished Creatures
  Blork the orc (D:4)
  2 hounds (D:5)
  5 adders
  4 worms
  7 orcs
  6 ball pythons
  8 endoplasms
  3 giant cockroaches
  9 goblins
  6 hobgoblins
  3 jackals (D:1)
  4 quokkas
  6 bats
  4 frilled lizards
  10 kobolds
  7 rats
85 creatures vanquished.

Vanquished Creatures (others)
  4 plants (D:1)
4 creatures vanquished.

Grand Total: 89 creatures vanquished

Notes
Turn   | Place    | Note
-------+----------+-------------------------------------------
     0 | D:1      | GorkyZ the Gargoyle Gladiator began the quest for the Orb.
     0 | D:1      | Reached XP level 1. HP: 12/12 MP: 1/1
   162 | D:1      | Reached XP level 2. HP: 17/17 MP: 2/2
   336 | D:1      | Found a faded altar of an unknown god.
   741 | D:1      | Reached skill level 1 in Shields
   741 | D:1      | Reached XP level 3. HP: 21/22 MP: 3/3
  1219 | D:2      | Reached skill level 1 in Armour
  1302 | D:2      | Found Kiaxt's Antique Weapon Boutique.
  1324 | D:2      | Reached skill level 1 in Evocations
  1324 | D:2      | Reached XP level 4. HP: 16/27 MP: 4/4
  2178 | D:3      | Found Ciozixt's General Store.
  3212 | D:4      | Noticed Blork the orc
  3224 | D:4      | Killed Blork the orc
  3225 | D:4      | Reached XP level 5. HP: 9/32 MP: 5/5
  3869 | D:5      | Entered Level 5 of the Dungeon
  3869 | D:5      | Found Ruqazaj's Distillery.
  3906 | D:5      | Found a glowing golden altar of the Shining One.
  3906 | D:5      | Found a runed translucent gate.
  3907 | D:5      | Found a runed translucent gate.
  3909 | D:5      | Found a runed translucent gate.
  3921 | D:5      | Reached XP level 6. HP: 30/37 MP: 6/6
  4154 | D:5      | Noticed Pikel
  4165 | D:5      | Slain by a lemure

Illustrated notes

Levels and vault maps discovered:
D:1:      tarquinn_simple_flora_water_e, layout_basic,
          shapermc_ecumenical_altar_mp_ritualfount
D:2:      layout_basic, serial_shops, shop, grunt_ministairs_10
D:3:      layout_basic, serial_shops, shop, chequers_serial_rivers_micro_d,
          minmay_cut_off
D:4:      layout_gridville, uniq_blork_the_orc
D:5:      black_bear_nest_2, layout_gridville,
          nzn_overflow_gifts_of_might_and_magic, kennysheep_little_box,
          tso_metal_star, minmay_temple_entry_glassed_door, serial_shops,
          nicolae_stop_n_shop_1, gammafunk_ghost_cemetery,
          chequers_serial_rivers_small_3, uniq_pikel

Skill      XL: |  1  2  3  4  5 |
---------------+----------------+-----
Throwing       | 2 |  2.5
Shields        | 1 2 |  2.2
Armour         | 1 2 |  2.2
Axes           | 3 |  3.3
Evocations     | 1 |  1.6
Fighting       | 3 |  3.3
Dodging        | 3 |  3.1

Action                   |  1- 3 |  4- 6 || total
-------------------------+-------+-------++-------
Melee: War axe           |    83 |    33 ||   116
       Dagger            |    44 |    90 ||   134
       Scimitar          |       |    52 ||    52
       Flail             |       |     6 ||     6
Throw: Throwing net      |       |     1 ||     1
  Use: Scroll            |       |    14 ||    14
       Potion            |       |     4 ||     4
 Stab: Sleeping          |     1 |       ||     1
       Held in net/web   |       |     1 ||     1
Armor: Leather armour    |    18 |       ||    18
       Scale mail        |    72 |   113 ||   185
Dodge: Dodged            |    83 |   122 ||   205
